[ AOE2 MATCH · #458088555 ]
UnrankedGurjaras vs Wu
[ REPLAY ANALYSIS · EXTRACTED FROM THE RECORDED GAME ]
Feudal
9:54
Castle
30:47
Imperial
72:29
| APM avg | 37.1 |
| APM peak | 96 |
| eAPM avg | 16.1 |
| Villagers / military | 132 / 119 |
Focus
⚔️ 19.0% · 🌾 81.0%
Chakram Thrower ×29 · Spearman ×26 · Armored Elephant ×17 · Camel Scout ×9 · Scout Cavalry ×9 · Mangonel ×8
Feudal
10:43
Castle
20:17
Imperial
45:31
| APM avg | 20.2 |
| APM peak | 92 |
| eAPM avg | 14.3 |
| Villagers / military | 120 / 91 |
Focus
⚔️ 34.5% · 🌾 65.5%
Unknown (1968) ×74 · Militia ×65 · Unknown (1944) ×24 · Trade Cart ×20 · Unknown (1942) ×15 · Scorpion ×10
Feudal
11:07
Castle
29:24
Imperial
62:41
| APM avg | 14.8 |
| APM peak | 47 |
| eAPM avg | 7.7 |
| Villagers / military | 61 / 184 |
Focus
⚔️ 53.3% · 🌾 46.7%
Knight ×142 · War Elephant ×25 · Scout Cavalry ×14 · Spearman ×3
Feudal
11:06
Castle
29:42
Imperial
64:36
| APM avg | 24.0 |
| APM peak | 100 |
| eAPM avg | 21.3 |
| Villagers / military | 95 / 181 |
Focus
⚔️ 40.4% · 🌾 59.6%
Scorpion ×95 · Ballista Elephant ×50 · Trade Cart ×15 · Spearman ×11 · Archer ×8 · Scout Cavalry ×6
Feudal
11:43
Castle
39:19
Imperial
58:11
| APM avg | 25.3 |
| APM peak | 70 |
| eAPM avg | 9.1 |
| Villagers / military | 195 / 18 |
Focus
⚔️ 18.7% · 🌾 81.3%
Trebuchet (Packed) ×12 · Monk ×6
Feudal
15:53
Castle
30:59
Imperial
—
| APM avg | 10.1 |
| APM peak | 39 |
| eAPM avg | 6.7 |
| Villagers / military | 73 / 108 |
Focus
⚔️ 38.0% · 🌾 62.0%
Spearman ×45 · Scorpion ×36 · Unknown (2110) ×22 · Unknown (2107) ×18 · Scout Cavalry ×10 · Archer ×8
Feudal
12:55
Castle
23:37
Imperial
60:33
| APM avg | 25.0 |
| APM peak | 56 |
| eAPM avg | 13.8 |
| Villagers / military | 93 / 401 |
Focus
⚔️ 33.8% · 🌾 66.2%
Spearman ×289 · Huskarl ×108 · Monk ×4 · Trade Cart ×4
Feudal
11:08
Castle
27:25
Imperial
63:35
| APM avg | 15.1 |
| APM peak | 123 |
| eAPM avg | 8.4 |
| Villagers / military | 92 / 269 |
Focus
⚔️ 36.5% · 🌾 63.5%
Konnik ×252 · Trade Cart ×15 · Scout Cavalry ×9 · Petard ×4 · Battering Ram ×4
Match map
Initial resources + every placement click. Lines = walls · curves = elevation contours. ◆ gold · ⬟ stone · ● berries · ✦ relic · ◌ wall gap
Your base· Open — unwalled flank
suarez_mitchell's base· Open — unwalled flank
valeriadasilva7930's base· Open — unwalled flank
gonzarey5's base· Open — unwalled flank
Leo's base· Open — unwalled flank
Luishii's base· Open — unwalled flank
MCalastretti's base· Open — unwalled flank
Ragnarok's base· Open — unwalled flank
Smoothed initial terrain · ◌ = detected wall gap · hover for details
Inputs per minute
— Chocofresas™ - - suarez_mitchell
Build order — Chocofresas™
First 150 of 430 actions detected
| 0:07 | Build | House |
| 0:10 | Build | House |
| 0:33 | Create | Villager (Male) |
| 0:33 | Create | Villager (Male) |
| 0:34 | Create | Villager (Male) |
| 2:34 | Create | Villager (Male) |
| 2:34 | Create | Villager (Male) |
| 2:34 | Create | Villager (Male) |
| 3:39 | Create | Villager (Male) |
| 3:39 | Create | Villager (Male) |
| 3:39 | Create | Villager (Male) |
| 5:06 | Build | Lumber Camp |
| 5:35 | Research | Loom |
| 5:42 | Create | Villager (Male) |
| 5:43 | Create | Villager (Male) |
| 5:43 | Create | Villager (Male) |
| 6:00 | Build | Mill |
| 6:25 | Build | House |
| 7:44 | Research | Feudal Age |
| 7:59 | Create | Villager (Male) |
| 7:59 | Create | Villager (Male) |
| 8:51 | Build | House |
| 9:32 | Build | Mill |
| 9:41 | Create | Villager (Male) |
| 9:41 | Create | Villager (Male) |
| 9:41 | Create | Villager (Male) |
| 9:54 | Age | Feudal Age |
| 10:09 | Create | Villager (Male) |
| 12:51 | Build | Barracks |
| 13:10 | Build | Farm |
| 13:10 | Build | Farm |
| 13:11 | Build | Farm |
| 13:47 | Research | Double-Bit Axe |
| 13:56 | Build | House |
| 14:01 | Create | Spearman |
| 14:01 | Create | Spearman |
| 14:01 | Create | Spearman |
| 14:15 | Research | Man-at-Arms (upgrade) |
| 14:26 | Create | Villager (Male) |
| 14:26 | Create | Villager (Male) |
| 14:27 | Create | Villager (Male) |
| 14:37 | Build | House |
| 14:53 | Create | Villager (Male) |
| 15:26 | Build | Farm |
| 15:34 | Build | Farm |
| 15:44 | Build | House |
| 15:50 | Create | Villager (Male) |
| 15:51 | Create | Villager (Male) |
| 16:26 | Create | Villager (Male) |
| 16:55 | Build | Stable |
| 17:26 | Research | Horse Collar |
| 17:40 | Research | Wheelbarrow |
| 18:19 | Create | Villager (Male) |
| 18:19 | Create | Villager (Male) |
| 18:19 | Create | Villager (Male) |
| 18:20 | Create | Villager (Male) |
| 18:20 | Create | Villager (Male) |
| 18:38 | Build | Lumber Camp |
| 19:11 | Build | House |
| 19:58 | Create | Spearman |
| 20:25 | Build | Farm |
| 20:34 | Build | Farm |
| 20:58 | Build | Market |
| 21:26 | Build | Farm |
| 21:58 | Create | Scout Cavalry |
| 21:58 | Create | Scout Cavalry |
| 21:59 | Create | Scout Cavalry |
| 22:55 | Build | Blacksmith |
| 23:06 | Create | Camel Scout |
| 23:22 | Create | Camel Scout |
| 23:23 | Create | Camel Scout |
| 23:23 | Create | Camel Scout |
| 23:23 | Create | Camel Scout |
| 23:35 | Create | Villager (Male) |
| 23:35 | Create | Villager (Male) |
| 23:35 | Create | Villager (Male) |
| 23:49 | Build | Farm |
| 23:49 | Build | Farm |
| 23:49 | Build | Farm |
| 24:08 | Build | Farm |
| 24:08 | Build | Farm |
| 24:08 | Build | Farm |
| 24:09 | Build | Farm |
| 24:17 | Build | House |
| 24:19 | Build | House |
| 24:53 | Build | Farm |
| 25:02 | Build | Farm |
| 27:14 | Create | Militia |
| 27:47 | Build | Lumber Camp |
| 28:07 | Research | Castle Age |
| 28:53 | Create | Villager (Male) |
| 28:53 | Create | Villager (Male) |
| 28:53 | Create | Villager (Male) |
| 28:54 | Create | Villager (Male) |
| 28:54 | Create | Villager (Male) |
| 28:54 | Create | Villager (Male) |
| 28:54 | Create | Villager (Male) |
| 29:14 | Build | Farm |
| 29:43 | Create | Spearman |
| 29:43 | Create | Spearman |
| 30:25 | Create | Scout Cavalry |
| 30:25 | Create | Scout Cavalry |
| 30:47 | Age | Castle Age |
| 31:13 | Create | Spearman |
| 31:13 | Create | Spearman |
| 31:14 | Create | Spearman |
| 32:01 | Build | Castle |
| 33:19 | Create | Villager (Male) |
| 33:19 | Create | Villager (Male) |
| 33:19 | Create | Villager (Male) |
| 33:19 | Create | Villager (Male) |
| 34:22 | Build | Mining Camp |
| 34:31 | Build | Farm |
| 34:59 | Build | Mining Camp |
| 35:03 | Build | Farm |
| 35:11 | Research | Heavy Plow |
| 35:18 | Create | Spearman |
| 35:18 | Create | Spearman |
| 35:18 | Create | Spearman |
| 35:19 | Create | Spearman |
| 35:20 | Research | Long Swordsman (upgrade) |
| 35:27 | Create | Camel Scout |
| 35:27 | Create | Camel Scout |
| 35:28 | Create | Camel Scout |
| 35:29 | Research | Husbandry |
| 35:29 | Research | Husbandry |
| 35:31 | Create | Shrivamsha Rider |
| 35:32 | Create | Shrivamsha Rider |
| 37:56 | Create | Chakram Thrower |
| 37:56 | Create | Chakram Thrower |
| 37:56 | Create | Chakram Thrower |
| 37:56 | Create | Chakram Thrower |
| 38:06 | Research | Forging |
| 38:08 | Research | Scale Barding Armor |
| 38:11 | Research | Scale Mail Armor |
| 40:39 | Create | Spearman |
| 40:39 | Create | Spearman |
| 40:39 | Create | Spearman |
| 40:40 | Create | Spearman |
| 40:40 | Create | Spearman |
| 40:40 | Create | Spearman |
| 40:40 | Create | Spearman |
| 40:42 | Create | Militia |
| 40:42 | Create | Militia |
| 40:47 | Create | Chakram Thrower |
| 40:48 | Create | Chakram Thrower |
| 40:48 | Create | Chakram Thrower |
| 40:48 | Create | Chakram Thrower |
| 40:48 | Create | Chakram Thrower |
| 40:49 | Create | Chakram Thrower |
Build order — suarez_mitchell
First 150 of 536 actions detected
| 0:09 | Build | House |
| 0:10 | Build | House |
| 0:33 | Create | Villager (Male) |
| 0:33 | Create | Villager (Male) |
| 0:33 | Create | Villager (Male) |
| 0:34 | Create | Villager (Male) |
| 2:35 | Create | Villager (Male) |
| 2:36 | Create | Villager (Male) |
| 2:37 | Create | Villager (Male) |
| 3:07 | Create | Villager (Male) |
| 4:25 | Build | Mill |
| 4:32 | Build | House |
| 4:51 | Create | Villager (Male) |
| 4:52 | Create | Villager (Male) |
| 4:59 | Create | Villager (Male) |
| 5:14 | Create | Villager (Male) |
| 5:49 | Create | Villager (Male) |
| 5:49 | Create | Villager (Male) |
| 6:43 | Build | Lumber Camp |
| 7:14 | Create | Villager (Male) |
| 7:15 | Create | Villager (Male) |
| 7:22 | Build | House |
| 8:33 | Research | Feudal Age |
| 8:35 | Research | Loom |
| 9:18 | Build | Mining Camp |
| 9:43 | Create | Villager (Male) |
| 9:44 | Create | Villager (Male) |
| 9:44 | Create | Villager (Male) |
| 10:19 | Build | Mill |
| 10:43 | Age | Feudal Age |
| 11:16 | Research | Double-Bit Axe |
| 11:58 | Build | House |
| 11:59 | Build | House |
| 12:06 | Build | House |
| 12:08 | Build | House |
| 13:31 | Build | Barracks |
| 13:39 | Research | Town Watch |
| 14:05 | Create | Villager (Male) |
| 14:30 | Build | Mining Camp |
| 15:42 | Create | Villager (Male) |
| 15:42 | Create | Villager (Male) |
| 16:13 | Build | Archery Range |
| 16:56 | Build | Blacksmith |
| 17:20 | Build | Lumber Camp |
| 17:37 | Research | Castle Age |
| 17:55 | Build | Mining Camp |
| 18:28 | Build | Watch Tower |
| 18:42 | Create | Villager (Male) |
| 18:42 | Create | Villager (Male) |
| 18:43 | Create | Villager (Male) |
| 18:53 | Build | Farm |
| 18:57 | Build | Farm |
| 18:59 | Build | Farm |
| 19:15 | Create | Spearman |
| 19:53 | Build | Farm |
| 19:59 | Build | Farm |
| 20:15 | Create | Spearman |
| 20:17 | Age | Castle Age |
| 21:24 | Build | Farm |
| 21:25 | Build | Farm |
| 21:29 | Build | Farm |
| 21:48 | Create | Villager (Male) |
| 21:51 | Create | Villager (Male) |
| 23:02 | Build | Castle |
| 23:17 | Research | Bow Saw |
| 23:28 | Build | Palisade Wall |
| 23:31 | Build | Palisade Wall |
| 23:36 | Build | Palisade Wall |
| 24:10 | Build | Stone Wall |
| 24:42 | Research | Horse Collar |
| 24:45 | Create | Villager (Male) |
| 24:45 | Create | Villager (Male) |
| 24:45 | Create | Villager (Male) |
| 24:45 | Create | Villager (Male) |
| 25:28 | Build | Market |
| 25:43 | Build | Monastery |
| 26:30 | Create | Unit 1974 |
| 26:31 | Create | Unit 1974 |
| 26:31 | Create | Unit 1974 |
| 26:31 | Create | Unit 1974 |
| 26:32 | Create | Unit 1974 |
| 26:52 | Create | Villager (Male) |
| 26:52 | Create | Villager (Male) |
| 28:19 | Build | Stone Wall |
| 28:33 | Build | Stone Wall |
| 29:17 | Research | Man-at-Arms (upgrade) |
| 29:17 | Create | Militia |
| 29:18 | Create | Militia |
| 29:18 | Create | Militia |
| 29:18 | Create | Militia |
| 29:18 | Create | Militia |
| 29:19 | Create | Militia |
| 29:44 | Build | Siege Workshop |
| 30:29 | Build | Lumber Camp |
| 30:48 | Create | Villager (Male) |
| 30:48 | Create | Villager (Male) |
| 30:49 | Create | Villager (Male) |
| 30:49 | Create | Villager (Male) |
| 30:50 | Create | Villager (Male) |
| 31:22 | Build | Mining Camp |
| 31:25 | Create | Battering Ram |
| 31:26 | Create | Battering Ram |
| 31:45 | Create | Battering Ram |
| 33:13 | Research | Arson |
| 33:14 | Research | Long Swordsman (upgrade) |
| 33:16 | Create | Militia |
| 33:16 | Create | Militia |
| 34:03 | Create | Battering Ram |
| 34:04 | Create | Battering Ram |
| 34:35 | Create | Unit 1974 |
| 34:35 | Create | Unit 1974 |
| 34:35 | Create | Unit 1974 |
| 34:35 | Create | Unit 1974 |
| 34:50 | Create | Monk |
| 34:50 | Create | Monk |
| 35:01 | Build | Lumber Camp |
| 35:18 | Build | Mining Camp |
| 35:21 | Create | Villager (Male) |
| 35:21 | Create | Villager (Male) |
| 35:21 | Create | Villager (Male) |
| 35:39 | Create | Battering Ram |
| 35:58 | Create | Battering Ram |
| 37:43 | Build | Town Center |
| 37:53 | Build | Town Center |
| 37:57 | Create | Villager (Male) |
| 37:58 | Create | Villager (Male) |
| 38:04 | Research | Padded Archer Armor |
| 38:04 | Research | Fletching |
| 38:42 | Build | Monastery |
| 39:15 | Create | Militia |
| 39:15 | Create | Militia |
| 39:16 | Create | Militia |
| 39:16 | Create | Militia |
| 39:16 | Create | Militia |
| 40:35 | Create | Trade Cart |
| 40:35 | Create | Trade Cart |
| 40:35 | Create | Trade Cart |
| 40:35 | Create | Trade Cart |
| 40:36 | Create | Trade Cart |
| 40:36 | Research | Caravan |
| 41:03 | Build | Farm |
| 41:04 | Build | Farm |
| 41:16 | Research | Stone Mining |
| 41:16 | Research | Gold Mining |
| 42:21 | Research | Imperial Age |
| 43:04 | Create | Militia |
| 43:09 | Create | Militia |
| 43:09 | Create | Militia |
| 43:09 | Create | Militia |
| 43:41 | Research | Wheelbarrow |
Build order — valeriadasilva7930
First 150 of 310 actions detected
| 0:07 | Build | House |
| 0:10 | Build | House |
| 0:26 | Create | Villager (Male) |
| 0:26 | Create | Villager (Male) |
| 0:26 | Create | Villager (Male) |
| 0:44 | Create | Villager (Male) |
| 0:44 | Create | Villager (Male) |
| 1:48 | Create | Villager (Male) |
| 2:35 | Create | Villager (Male) |
| 2:35 | Create | Villager (Male) |
| 3:02 | Create | Villager (Male) |
| 3:03 | Create | Villager (Male) |
| 3:03 | Create | Villager (Male) |
| 3:39 | Build | Lumber Camp |
| 4:02 | Build | House |
| 4:03 | Build | House |
| 5:31 | Create | Villager (Male) |
| 5:31 | Create | Villager (Male) |
| 5:32 | Create | Villager (Male) |
| 6:34 | Build | Mill |
| 6:38 | Create | Villager (Male) |
| 6:38 | Create | Villager (Male) |
| 7:14 | Build | Farm |
| 7:24 | Build | Farm |
| 9:03 | Research | Feudal Age |
| 9:10 | Build | Farm |
| 9:23 | Build | Farm |
| 11:07 | Age | Feudal Age |
| 11:21 | Build | Lumber Camp |
| 11:37 | Build | Farm |
| 11:52 | Build | Barracks |
| 13:03 | Create | Villager (Male) |
| 13:04 | Create | Villager (Male) |
| 13:04 | Create | Villager (Male) |
| 13:04 | Create | Villager (Male) |
| 13:04 | Create | Villager (Male) |
| 13:04 | Create | Villager (Male) |
| 13:27 | Build | Lumber Camp |
| 14:18 | Research | Double-Bit Axe |
| 14:30 | Create | Villager (Male) |
| 14:31 | Create | Villager (Male) |
| 14:50 | Build | Stable |
| 15:44 | Build | House |
| 15:45 | Build | House |
| 15:48 | Build | House |
| 15:59 | Build | Blacksmith |
| 16:01 | Research | Bloodlines |
| 16:02 | Create | Scout Cavalry |
| 16:02 | Create | Scout Cavalry |
| 16:03 | Create | Scout Cavalry |
| 16:03 | Create | Scout Cavalry |
| 16:03 | Create | Scout Cavalry |
| 16:03 | Create | Scout Cavalry |
| 16:48 | Build | Stable |
| 17:03 | Create | Villager (Male) |
| 17:04 | Create | Villager (Male) |
| 18:09 | Create | Scout Cavalry |
| 18:09 | Create | Scout Cavalry |
| 18:22 | Build | Mining Camp |
| 18:32 | Research | Forging |
| 18:46 | Build | Farm |
| 18:56 | Build | Farm |
| 19:09 | Build | Farm |
| 19:24 | Build | Farm |
| 19:26 | Create | Villager (Male) |
| 19:26 | Create | Villager (Male) |
| 19:40 | Build | Farm |
| 20:00 | Build | Farm |
| 20:07 | Build | Farm |
| 20:10 | Research | Horse Collar |
| 20:28 | Build | Farm |
| 20:41 | Create | Villager (Male) |
| 20:41 | Create | Villager (Male) |
| 21:16 | Research | Scale Barding Armor |
| 24:05 | Create | Villager (Male) |
| 24:06 | Create | Villager (Male) |
| 24:26 | Build | Farm |
| 24:41 | Build | House |
| 24:42 | Build | House |
| 24:44 | Build | House |
| 26:58 | Research | Castle Age |
| 27:03 | Create | Scout Cavalry |
| 27:03 | Create | Scout Cavalry |
| 27:03 | Create | Scout Cavalry |
| 27:03 | Create | Scout Cavalry |
| 27:04 | Create | Scout Cavalry |
| 27:04 | Create | Scout Cavalry |
| 28:25 | Build | Mining Camp |
| 29:24 | Age | Castle Age |
| 29:35 | Create | Villager (Male) |
| 29:35 | Create | Villager (Male) |
| 29:46 | Research | Husbandry |
| 29:46 | Create | Knight |
| 29:46 | Create | Knight |
| 29:47 | Create | Knight |
| 29:47 | Create | Knight |
| 29:47 | Create | Knight |
| 29:48 | Create | Knight |
| 29:48 | Create | Knight |
| 29:48 | Create | Knight |
| 31:57 | Research | Iron Casting |
| 31:58 | Research | Chain Barding Armor |
| 33:34 | Build | Castle |
| 33:39 | Create | Villager (Male) |
| 33:39 | Create | Villager (Male) |
| 33:39 | Create | Villager (Male) |
| 33:40 | Create | Villager (Male) |
| 33:40 | Create | Villager (Male) |
| 36:14 | Create | War Elephant |
| 36:14 | Create | War Elephant |
| 36:14 | Create | War Elephant |
| 37:36 | Build | Town Center |
| 37:42 | Create | War Elephant |
| 37:42 | Create | War Elephant |
| 37:51 | Create | Knight |
| 37:51 | Create | Knight |
| 37:52 | Create | Knight |
| 41:11 | Build | Market |
| 41:17 | Create | War Elephant |
| 41:17 | Create | War Elephant |
| 41:17 | Create | War Elephant |
| 41:17 | Create | War Elephant |
| 41:18 | Create | War Elephant |
| 41:18 | Create | War Elephant |
| 41:18 | Create | War Elephant |
| 42:01 | Build | Town Center |
| 44:20 | Create | Villager (Male) |
| 44:21 | Create | Villager (Male) |
| 44:21 | Create | Villager (Male) |
| 44:21 | Create | Villager (Male) |
| 44:49 | Create | Villager (Male) |
| 45:24 | Build | Mining Camp |
| 45:48 | Create | Knight |
| 45:48 | Create | Knight |
| 45:49 | Create | Knight |
| 45:49 | Create | Knight |
| 45:49 | Create | Knight |
| 45:49 | Create | Knight |
| 45:49 | Create | Knight |
| 45:50 | Create | Knight |
| 45:50 | Create | Knight |
| 45:50 | Create | Knight |
| 45:51 | Create | Knight |
| 45:51 | Create | Knight |
| 45:52 | Create | Knight |
| 46:06 | Create | War Elephant |
| 46:13 | Create | Villager (Male) |
| 46:13 | Create | Villager (Male) |
| 46:14 | Create | Villager (Male) |
| 46:14 | Create | Villager (Male) |
Build order — gonzarey5
First 150 of 412 actions detected
| 0:04 | Build | House |
| 0:06 | Build | House |
| 0:10 | Create | Villager (Male) |
| 0:11 | Create | Villager (Male) |
| 0:11 | Create | Villager (Male) |
| 0:12 | Create | Villager (Male) |
| 1:58 | Build | Mill |
| 2:05 | Create | Villager (Male) |
| 2:52 | Create | Villager (Male) |
| 2:53 | Create | Villager (Male) |
| 3:59 | Create | Villager (Male) |
| 4:00 | Create | Villager (Male) |
| 4:02 | Create | Villager (Male) |
| 5:04 | Create | Villager (Male) |
| 5:22 | Build | House |
| 5:26 | Research | Loom |
| 5:56 | Create | Villager (Male) |
| 6:38 | Build | Lumber Camp |
| 7:04 | Create | Villager (Male) |
| 7:04 | Create | Villager (Male) |
| 7:04 | Create | Villager (Male) |
| 8:56 | Research | Feudal Age |
| 10:00 | Build | House |
| 10:47 | Build | Barracks |
| 11:06 | Age | Feudal Age |
| 11:14 | Research | Double-Bit Axe |
| 12:07 | Build | Stable |
| 12:22 | Create | Villager (Male) |
| 12:22 | Create | Villager (Male) |
| 12:27 | Research | Wheelbarrow |
| 13:11 | Build | Farm |
| 13:15 | Create | Scout Cavalry |
| 13:16 | Create | Scout Cavalry |
| 13:16 | Create | Scout Cavalry |
| 13:16 | Create | Scout Cavalry |
| 13:17 | Create | Scout Cavalry |
| 13:17 | Create | Scout Cavalry |
| 13:29 | Create | Villager (Male) |
| 13:29 | Create | Villager (Male) |
| 14:04 | Build | Blacksmith |
| 14:53 | Build | Farm |
| 15:00 | Build | House |
| 15:23 | Research | Scale Barding Armor |
| 15:29 | Build | House |
| 15:31 | Build | House |
| 15:46 | Build | Mining Camp |
| 16:01 | Research | Bloodlines |
| 16:22 | Build | House |
| 16:24 | Build | House |
| 16:52 | Build | Farm |
| 16:53 | Build | Farm |
| 16:54 | Build | Farm |
| 17:28 | Create | Villager (Male) |
| 17:29 | Create | Villager (Male) |
| 17:29 | Create | Villager (Male) |
| 20:04 | Create | Spearman |
| 20:04 | Create | Spearman |
| 20:04 | Create | Spearman |
| 20:04 | Create | Spearman |
| 20:05 | Create | Spearman |
| 20:05 | Create | Spearman |
| 20:18 | Research | Town Watch |
| 24:25 | Build | Watch Tower |
| 27:02 | Research | Castle Age |
| 27:20 | Build | Archery Range |
| 28:45 | Build | Lumber Camp |
| 28:56 | Create | Archer |
| 28:56 | Create | Archer |
| 28:56 | Create | Archer |
| 28:57 | Create | Archer |
| 28:57 | Create | Archer |
| 28:57 | Create | Archer |
| 28:58 | Create | Archer |
| 28:58 | Create | Archer |
| 29:42 | Age | Castle Age |
| 30:14 | Create | Villager (Male) |
| 30:14 | Create | Villager (Male) |
| 30:15 | Create | Villager (Male) |
| 30:15 | Create | Villager (Male) |
| 30:44 | Build | Castle |
| 31:29 | Research | Horse Collar |
| 32:35 | Research | Pikeman (upgrade) |
| 32:38 | Create | Spearman |
| 32:38 | Create | Spearman |
| 32:38 | Create | Spearman |
| 32:39 | Create | Spearman |
| 32:39 | Create | Spearman |
| 33:19 | Create | Ballista Elephant |
| 35:07 | Create | Ballista Elephant |
| 35:08 | Create | Ballista Elephant |
| 35:34 | Build | Market |
| 38:13 | Create | Villager (Male) |
| 38:17 | Build | Farm |
| 38:19 | Build | Farm |
| 38:36 | Build | Town Center |
| 39:00 | Create | Ballista Elephant |
| 39:58 | Create | Villager (Male) |
| 39:58 | Create | Villager (Male) |
| 39:58 | Create | Villager (Male) |
| 39:59 | Create | Villager (Male) |
| 40:27 | Create | Villager (Male) |
| 40:39 | Build | Farm |
| 41:11 | Build | Monastery |
| 41:19 | Create | Villager (Male) |
| 41:19 | Create | Villager (Male) |
| 41:19 | Create | Villager (Male) |
| 41:19 | Create | Villager (Male) |
| 42:02 | Create | Villager (Male) |
| 42:03 | Create | Villager (Male) |
| 42:07 | Create | Monk |
| 42:07 | Create | Monk |
| 42:07 | Create | Monk |
| 42:43 | Create | Monk |
| 43:01 | Create | Ballista Elephant |
| 43:02 | Create | Ballista Elephant |
| 43:12 | Build | Farm |
| 43:32 | Build | Siege Workshop |
| 44:24 | Research | Chain Barding Armor |
| 46:09 | Build | Siege Workshop |
| 46:17 | Build | Castle |
| 47:07 | Research | Bow Saw |
| 47:16 | Create | Villager (Male) |
| 47:16 | Create | Villager (Male) |
| 47:16 | Create | Villager (Male) |
| 47:17 | Create | Villager (Male) |
| 49:18 | Build | Siege Workshop |
| 49:24 | Create | Scorpion |
| 49:25 | Create | Scorpion |
| 49:25 | Create | Scorpion |
| 49:25 | Create | Scorpion |
| 49:25 | Create | Scorpion |
| 49:26 | Create | Scorpion |
| 49:26 | Create | Scorpion |
| 49:26 | Create | Scorpion |
| 49:27 | Create | Scorpion |
| 49:27 | Create | Scorpion |
| 49:51 | Create | Ballista Elephant |
| 49:51 | Create | Ballista Elephant |
| 49:52 | Create | Ballista Elephant |
| 49:52 | Create | Ballista Elephant |
| 49:52 | Create | Ballista Elephant |
| 49:53 | Create | Ballista Elephant |
| 51:06 | Create | Scorpion |
| 51:06 | Create | Scorpion |
| 51:07 | Create | Scorpion |
| 51:07 | Create | Scorpion |
| 53:16 | Research | Tusk Swords |
| 53:22 | Create | Ballista Elephant |
| 53:23 | Create | Ballista Elephant |
| 55:41 | Create | Ballista Elephant |
Build order — Leo
First 150 of 321 actions detected
| 0:10 | Build | House |
| 0:20 | Create | Villager (Male) |
| 0:41 | Create | Villager (Male) |
| 1:07 | Create | Villager (Male) |
| 1:32 | Create | Villager (Male) |
| 1:51 | Create | Villager (Male) |
| 2:28 | Create | Villager (Male) |
| 2:40 | Build | House |
| 3:03 | Build | Settlement |
| 3:07 | Create | Villager (Male) |
| 3:23 | Create | Villager (Male) |
| 4:08 | Create | Villager (Male) |
| 4:41 | Create | Villager (Male) |
| 4:43 | Create | Villager (Male) |
| 5:10 | Build | Settlement |
| 5:43 | Create | Villager (Male) |
| 6:07 | Create | Villager (Male) |
| 7:27 | Create | Villager (Male) |
| 8:43 | Create | Villager (Male) |
| 8:48 | Create | Villager (Male) |
| 9:19 | Research | Feudal Age |
| 10:36 | Create | Villager (Male) |
| 10:37 | Create | Villager (Male) |
| 10:38 | Create | Villager (Male) |
| 10:39 | Create | Villager (Male) |
| 11:33 | Create | Villager (Male) |
| 11:34 | Create | Villager (Male) |
| 11:43 | Age | Feudal Age |
| 12:22 | Create | Villager (Male) |
| 12:22 | Create | Villager (Male) |
| 12:46 | Build | Settlement |
| 13:47 | Build | Watch Tower |
| 14:12 | Create | Villager (Male) |
| 14:13 | Create | Villager (Male) |
| 14:47 | Build | Watch Tower |
| 15:53 | Build | Watch Tower |
| 16:05 | Create | Villager (Male) |
| 16:06 | Research | Loom |
| 16:07 | Create | Villager (Male) |
| 16:10 | Create | Villager (Male) |
| 16:32 | Create | Villager (Male) |
| 18:20 | Build | Watch Tower |
| 18:23 | Create | Villager (Male) |
| 18:24 | Create | Villager (Male) |
| 18:24 | Create | Villager (Male) |
| 19:21 | Build | Farm |
| 19:25 | Build | Farm |
| 19:26 | Create | Villager (Male) |
| 19:46 | Build | Watch Tower |
| 20:14 | Build | Farm |
| 20:18 | Build | Farm |
| 20:24 | Build | Farm |
| 20:27 | Build | Farm |
| 20:28 | Create | Villager (Male) |
| 20:29 | Create | Villager (Male) |
| 20:38 | Research | Horse Collar |
| 20:41 | Research | Double-Bit Axe |
| 21:13 | Build | Watch Tower |
| 21:31 | Build | Settlement |
| 22:04 | Build | Watch Tower |
| 22:56 | Create | Villager (Male) |
| 22:56 | Create | Villager (Male) |
| 23:09 | Create | Villager (Male) |
| 23:09 | Create | Villager (Male) |
| 24:22 | Create | Villager (Male) |
| 24:22 | Create | Villager (Male) |
| 24:23 | Create | Villager (Male) |
| 24:27 | Build | Farm |
| 24:44 | Build | Watch Tower |
| 25:14 | Create | Villager (Male) |
| 25:14 | Create | Villager (Male) |
| 25:15 | Create | Villager (Male) |
| 26:07 | Build | Watch Tower |
| 26:35 | Create | Villager (Male) |
| 26:44 | Build | Farm |
| 26:48 | Build | Farm |
| 26:54 | Build | Farm |
| 26:58 | Build | Farm |
| 26:59 | Create | Villager (Male) |
| 27:00 | Create | Villager (Male) |
| 27:00 | Create | Villager (Male) |
| 27:00 | Create | Villager (Male) |
| 27:01 | Create | Villager (Male) |
| 27:01 | Create | Villager (Male) |
| 27:01 | Create | Villager (Male) |
| 27:01 | Create | Villager (Male) |
| 27:49 | Create | Villager (Male) |
| 27:50 | Create | Villager (Male) |
| 27:50 | Create | Villager (Male) |
| 28:11 | Build | Blacksmith |
| 29:34 | Build | Farm |
| 29:38 | Build | Farm |
| 30:27 | Build | Watch Tower |
| 30:53 | Build | Settlement |
| 31:11 | Build | Watch Tower |
| 31:55 | Create | Villager (Male) |
| 31:55 | Create | Villager (Male) |
| 31:55 | Create | Villager (Male) |
| 31:55 | Create | Villager (Male) |
| 31:56 | Create | Villager (Male) |
| 31:56 | Create | Villager (Male) |
| 31:56 | Create | Villager (Male) |
| 32:19 | Build | Watch Tower |
| 33:01 | Build | Watch Tower |
| 33:26 | Research | Padded Archer Armor |
| 34:03 | Build | Watch Tower |
| 34:31 | Build | Watch Tower |
| 34:44 | Create | Villager (Male) |
| 34:44 | Create | Villager (Male) |
| 35:11 | Build | Market |
| 36:39 | Research | Castle Age |
| 36:40 | Research | Wheelbarrow |
| 39:19 | Age | Castle Age |
| 39:36 | Build | Watch Tower |
| 39:46 | Create | Villager (Male) |
| 39:47 | Create | Villager (Male) |
| 41:05 | Build | Castle |
| 41:14 | Create | Villager (Male) |
| 41:14 | Create | Villager (Male) |
| 41:14 | Create | Villager (Male) |
| 41:14 | Create | Villager (Male) |
| 41:15 | Create | Villager (Male) |
| 41:15 | Create | Villager (Male) |
| 41:15 | Create | Villager (Male) |
| 41:35 | Create | Villager (Male) |
| 41:35 | Create | Villager (Male) |
| 41:35 | Create | Villager (Male) |
| 43:31 | Create | Villager (Male) |
| 43:31 | Create | Villager (Male) |
| 43:31 | Create | Villager (Male) |
| 43:31 | Create | Villager (Male) |
| 43:32 | Create | Villager (Male) |
| 43:32 | Create | Villager (Male) |
| 43:32 | Create | Villager (Male) |
| 43:33 | Create | Villager (Male) |
| 43:51 | Build | Town Center |
| 45:28 | Create | Villager (Male) |
| 45:28 | Create | Villager (Male) |
| 45:28 | Create | Villager (Male) |
| 45:28 | Create | Villager (Male) |
| 45:29 | Create | Villager (Male) |
| 45:29 | Create | Villager (Male) |
| 45:29 | Create | Villager (Male) |
| 45:29 | Create | Villager (Male) |
| 45:45 | Build | Settlement |
| 45:55 | Research | Gold Mining |
| 45:56 | Research | Stone Mining |
| 45:57 | Research | Bow Saw |
| 45:58 | Research | Heavy Plow |
| 46:53 | Build | Settlement |
Build order — Luishii
First 150 of 318 actions detected
| 1:19 | Create | Villager (Male) |
| 1:20 | Research | Loom |
| 2:04 | Build | House |
| 2:53 | Create | Villager (Male) |
| 2:54 | Create | Villager (Male) |
| 2:54 | Create | Villager (Male) |
| 2:55 | Create | Villager (Male) |
| 3:18 | Create | Villager (Male) |
| 3:58 | Create | Villager (Male) |
| 4:21 | Build | Lumber Camp |
| 4:41 | Create | Villager (Male) |
| 5:06 | Build | House |
| 5:51 | Build | Mining Camp |
| 5:56 | Create | Villager (Male) |
| 6:54 | Build | Mill |
| 7:30 | Create | Villager (Male) |
| 7:31 | Create | Villager (Male) |
| 7:56 | Build | House |
| 7:58 | Build | House |
| 8:03 | Build | House |
| 8:04 | Build | House |
| 8:25 | Create | Villager (Male) |
| 8:25 | Create | Villager (Male) |
| 9:01 | Create | Villager (Male) |
| 9:18 | Build | Farm |
| 9:27 | Build | Farm |
| 9:36 | Build | Farm |
| 10:32 | Build | Farm |
| 10:45 | Create | Villager (Male) |
| 10:45 | Create | Villager (Male) |
| 10:46 | Create | Villager (Male) |
| 11:06 | Build | Farm |
| 11:16 | Build | Farm |
| 12:08 | Build | Palisade Wall |
| 12:19 | Build | Palisade Wall |
| 12:28 | Build | Palisade Wall |
| 12:30 | Build | Palisade Wall |
| 12:35 | Build | Palisade Wall |
| 12:40 | Build | Palisade Wall |
| 13:04 | Build | Farm |
| 13:43 | Research | Feudal Age |
| 14:23 | Build | Barracks |
| 15:50 | Build | Barracks |
| 15:53 | Age | Feudal Age |
| 16:20 | Build | Archery Range |
| 17:53 | Create | Villager (Male) |
| 17:53 | Create | Villager (Male) |
| 17:53 | Create | Villager (Male) |
| 17:54 | Create | Villager (Male) |
| 18:16 | Build | Stable |
| 18:53 | Build | Farm |
| 18:54 | Build | Farm |
| 19:08 | Build | Farm |
| 19:10 | Build | Farm |
| 19:12 | Build | Farm |
| 19:24 | Research | Town Watch |
| 19:27 | Research | Bloodlines |
| 20:28 | Research | Wheelbarrow |
| 20:37 | Create | Scout Cavalry |
| 20:38 | Create | Scout Cavalry |
| 20:55 | Create | Archer |
| 20:55 | Create | Archer |
| 20:56 | Create | Archer |
| 20:56 | Create | Archer |
| 20:57 | Create | Archer |
| 21:20 | Build | Watch Tower |
| 22:24 | Create | Unit 2162 |
| 23:08 | Create | Scout Cavalry |
| 23:09 | Create | Scout Cavalry |
| 23:09 | Create | Scout Cavalry |
| 23:42 | Create | Archer |
| 23:42 | Create | Archer |
| 23:43 | Create | Archer |
| 23:48 | Create | Scout Cavalry |
| 23:48 | Create | Scout Cavalry |
| 24:19 | Build | Farm |
| 24:22 | Build | Farm |
| 24:24 | Build | Farm |
| 24:51 | Build | House |
| 24:51 | Build | House |
| 27:06 | Build | Farm |
| 27:07 | Build | Farm |
| 27:26 | Research | Man-at-Arms (upgrade) |
| 27:27 | Create | Militia |
| 27:28 | Create | Militia |
| 27:28 | Create | Militia |
| 28:04 | Research | Horse Collar |
| 28:19 | Research | Castle Age |
| 28:22 | Create | Unit 2162 |
| 28:50 | Research | Arson |
| 29:15 | Build | Farm |
| 29:18 | Build | Farm |
| 29:30 | Create | Scout Cavalry |
| 29:32 | Create | Scout Cavalry |
| 29:33 | Create | Scout Cavalry |
| 29:36 | Create | Militia |
| 29:37 | Create | Militia |
| 29:45 | Create | Skirmisher |
| 29:46 | Create | Skirmisher |
| 30:59 | Age | Castle Age |
| 31:19 | Research | Long Swordsman (upgrade) |
| 31:30 | Build | Farm |
| 31:32 | Build | Farm |
| 31:35 | Build | Farm |
| 32:19 | Create | Unit 2110 |
| 32:20 | Create | Unit 2110 |
| 32:21 | Create | Unit 2110 |
| 32:21 | Create | Unit 2110 |
| 32:25 | Create | Unit 2110 |
| 33:05 | Create | Unit 2110 |
| 33:31 | Build | Lumber Camp |
| 36:00 | Create | Unit 2110 |
| 36:00 | Create | Unit 2110 |
| 36:01 | Create | Unit 2110 |
| 36:01 | Create | Unit 2110 |
| 36:02 | Create | Unit 2110 |
| 36:03 | Create | Unit 2110 |
| 36:04 | Create | Unit 2110 |
| 36:04 | Create | Unit 2110 |
| 36:05 | Create | Unit 2110 |
| 36:06 | Create | Unit 2110 |
| 36:13 | Create | Villager (Male) ×5 |
| 36:23 | Build | Mining Camp |
| 38:05 | Build | Monastery |
| 38:37 | Create | Unit 2110 |
| 38:37 | Create | Unit 2110 |
| 38:42 | Create | Unit 2110 |
| 38:42 | Create | Unit 2110 |
| 38:44 | Create | Unit 2110 |
| 38:44 | Create | Unit 2110 |
| 44:44 | Research | Double-Bit Axe |
| 46:11 | Build | Market |
| 46:30 | Build | Lumber Camp |
| 46:40 | Build | Mining Camp |
| 48:32 | Create | Monk |
| 48:32 | Create | Monk |
| 50:53 | Build | Mining Camp |
| 51:54 | Build | Town Center |
| 52:57 | Research | Stone Mining |
| 55:05 | Create | Unit 2162 |
| 55:07 | Create | Villager (Male) |
| 55:52 | Create | Villager (Male) |
| 55:53 | Create | Unit 2162 |
| 56:27 | Build | Farm |
| 56:29 | Build | Farm |
| 58:56 | Research | Bow Saw |
| 61:49 | Create | Villager (Male) |
| 61:49 | Create | Villager (Male) |
| 61:50 | Create | Villager (Male) |
| 62:03 | Create | Villager (Male) |
Build order — MCalastretti
First 150 of 441 actions detected
| 0:04 | Build | House |
| 0:05 | Build | House |
| 0:06 | Create | Villager (Male) |
| 0:06 | Create | Villager (Male) |
| 0:07 | Create | Villager (Male) |
| 0:07 | Create | Villager (Male) |
| 1:48 | Create | Villager (Male) |
| 1:54 | Build | Lumber Camp |
| 1:59 | Create | Villager (Male) |
| 2:26 | Create | Villager (Male) |
| 2:57 | Create | Villager (Male) |
| 3:22 | Create | Villager (Male) |
| 4:00 | Build | Mill |
| 4:03 | Create | Villager (Male) |
| 4:07 | Create | Villager (Male) |
| 4:58 | Create | Villager (Male) |
| 4:59 | Create | Villager (Male) |
| 5:06 | Build | House |
| 5:08 | Build | House |
| 5:09 | Build | House |
| 5:57 | Create | Villager (Male) |
| 6:17 | Build | House |
| 6:20 | Build | House |
| 6:55 | Create | Villager (Male) |
| 6:58 | Create | Villager (Male) |
| 7:35 | Build | Mining Camp |
| 7:58 | Create | Villager (Male) |
| 8:37 | Create | Villager (Male) |
| 8:55 | Create | Villager (Male) |
| 9:01 | Create | Villager (Male) |
| 9:26 | Create | Villager (Male) |
| 10:13 | Create | Villager (Male) |
| 10:45 | Research | Feudal Age |
| 11:24 | Research | Loom |
| 12:38 | Build | Lumber Camp |
| 12:55 | Age | Feudal Age |
| 12:58 | Research | Horse Collar |
| 13:01 | Research | Double-Bit Axe |
| 13:11 | Create | Villager (Male) |
| 13:12 | Create | Villager (Male) |
| 13:13 | Create | Villager (Male) |
| 13:15 | Create | Villager (Male) |
| 13:29 | Build | Farm |
| 13:30 | Build | Farm |
| 13:30 | Build | Farm |
| 13:31 | Build | Farm |
| 13:40 | Build | Farm |
| 13:44 | Build | Farm |
| 13:50 | Build | Farm |
| 13:50 | Build | Farm |
| 13:50 | Build | Farm |
| 13:51 | Build | Farm |
| 13:51 | Build | Farm |
| 13:52 | Build | Farm |
| 13:52 | Build | Farm |
| 14:06 | Create | Villager (Male) |
| 14:07 | Create | Villager (Male) |
| 14:34 | Build | Mining Camp |
| 14:41 | Build | Market |
| 15:28 | Create | Villager (Male) |
| 15:31 | Create | Villager (Male) |
| 15:50 | Create | Villager (Male) |
| 16:21 | Build | Blacksmith |
| 16:35 | Create | Villager (Male) |
| 16:43 | Create | Villager (Male) |
| 17:19 | Create | Villager (Male) |
| 17:35 | Build | Farm |
| 17:36 | Build | Farm |
| 18:41 | Build | Farm |
| 18:41 | Build | Farm |
| 18:42 | Build | Farm |
| 18:42 | Build | Farm |
| 18:42 | Build | Farm |
| 18:43 | Build | Farm |
| 18:43 | Build | Farm |
| 18:56 | Build | Barracks |
| 20:15 | Build | Watch Tower |
| 20:32 | Create | Villager (Male) |
| 20:36 | Research | Castle Age |
| 21:09 | Create | Spearman |
| 21:10 | Create | Spearman |
| 21:10 | Create | Spearman |
| 21:15 | Create | Spearman |
| 21:15 | Create | Spearman |
| 21:39 | Research | Forging |
| 21:49 | Build | Farm |
| 21:49 | Build | Farm |
| 21:49 | Build | Farm |
| 22:19 | Create | Spearman |
| 22:19 | Create | Spearman |
| 22:47 | Create | Spearman |
| 22:47 | Create | Spearman |
| 22:54 | Research | Scale Mail Armor |
| 22:59 | Create | Spearman |
| 23:02 | Create | Spearman |
| 23:37 | Age | Castle Age |
| 23:57 | Create | Spearman |
| 23:58 | Create | Spearman |
| 23:58 | Create | Spearman |
| 24:23 | Create | Spearman |
| 24:23 | Create | Spearman |
| 24:24 | Create | Spearman |
| 24:38 | Create | Spearman |
| 24:38 | Create | Spearman |
| 24:38 | Create | Spearman |
| 24:49 | Build | House |
| 24:49 | Build | House |
| 24:49 | Build | House |
| 24:50 | Build | House |
| 24:50 | Build | House |
| 26:23 | Create | Spearman |
| 26:23 | Create | Spearman |
| 26:49 | Research | Pikeman (upgrade) |
| 26:50 | Create | Spearman |
| 26:52 | Research | Squires |
| 27:13 | Create | Spearman |
| 27:16 | Research | Squires |
| 28:39 | Create | Spearman |
| 28:39 | Create | Spearman |
| 28:39 | Create | Spearman |
| 29:23 | Create | Spearman |
| 29:24 | Create | Spearman |
| 29:24 | Create | Spearman |
| 29:24 | Create | Spearman |
| 29:29 | Create | Villager (Male) |
| 29:29 | Create | Villager (Male) |
| 29:30 | Create | Villager (Male) |
| 29:31 | Create | Villager (Male) |
| 29:53 | Create | Villager (Male) |
| 30:04 | Create | Villager (Male) |
| 30:04 | Create | Villager (Male) |
| 30:13 | Build | Farm |
| 30:24 | Create | Spearman |
| 30:25 | Create | Spearman |
| 30:25 | Create | Spearman |
| 30:31 | Research | Chain Mail Armor |
| 30:32 | Research | Iron Casting |
| 30:39 | Build | Farm |
| 30:44 | Create | Villager (Male) |
| 30:57 | Research | Squires |
| 31:10 | Create | Villager (Male) |
| 31:11 | Create | Villager (Male) |
| 31:18 | Build | Lumber Camp |
| 31:52 | Build | Castle |
| 32:04 | Create | Spearman |
| 32:04 | Create | Spearman |
| 32:22 | Create | Spearman |
| 32:22 | Create | Spearman |
| 32:30 | Build | Barracks |
| 32:57 | Create | Villager (Male) |
Build order — Ragnarok
First 150 of 259 actions detected
| 0:09 | Build | House |
| 0:13 | Build | House |
| 0:15 | Create | Villager (Male) ×4 |
| 2:11 | Create | Villager (Male) ×2 |
| 2:48 | Create | Villager (Male) |
| 3:39 | Create | Villager (Male) |
| 4:23 | Create | Villager (Male) ×2 |
| 4:49 | Build | House |
| 5:05 | Build | Mill |
| 5:10 | Create | Villager (Male) ×2 |
| 5:38 | Build | Lumber Camp |
| 5:43 | Create | Villager (Male) |
| 6:40 | Create | Villager (Male) |
| 7:55 | Build | Barracks |
| 8:58 | Research | Feudal Age |
| 9:16 | Build | Farm |
| 9:17 | Build | Farm |
| 9:17 | Build | Farm |
| 9:18 | Build | Farm |
| 9:18 | Build | Farm |
| 9:19 | Build | Farm |
| 9:19 | Build | Farm |
| 9:54 | Build | Farm |
| 10:16 | Build | House |
| 10:31 | Build | Farm |
| 10:41 | Build | Farm |
| 11:08 | Age | Feudal Age |
| 11:18 | Build | Farm |
| 11:45 | Research | Wheelbarrow |
| 11:45 | Create | Villager (Male) ×4 |
| 11:46 | Create | Villager (Male) |
| 12:40 | Build | Stable |
| 13:30 | Research | Horse Collar |
| 13:37 | Research | Double-Bit Axe |
| 14:06 | Build | Palisade Wall |
| 14:39 | Build | Mining Camp |
| 14:49 | Create | Scout Cavalry ×3 |
| 15:40 | Research | Bloodlines |
| 15:52 | Build | Blacksmith |
| 16:03 | Create | Scout Cavalry |
| 16:14 | Build | House |
| 16:24 | Create | Scout Cavalry |
| 17:12 | Create | Scout Cavalry |
| 17:20 | Create | Villager (Male) |
| 17:23 | Create | Villager (Male) |
| 17:48 | Create | Villager (Male) |
| 18:17 | Build | House |
| 18:21 | Build | House |
| 18:28 | Build | House |
| 18:37 | Create | Scout Cavalry ×2 |
| 19:04 | Build | House |
| 19:15 | Research | Scale Barding Armor |
| 21:57 | Research | Forging |
| 22:27 | Create | Villager (Male) ×5 |
| 22:27 | Create | Villager (Male) ×4 |
| 22:38 | Build | Mining Camp |
| 23:53 | Build | Farm |
| 23:53 | Build | Farm |
| 24:45 | Research | Castle Age |
| 26:17 | Build | Gate |
| 27:25 | Age | Castle Age |
| 27:36 | Build | Krepost |
| 27:53 | Build | Town Center |
| 28:58 | Research | Hand Cart |
| 28:59 | Create | Villager (Male) ×5 |
| 29:00 | Create | Villager (Male) ×5 |
| 29:00 | Create | Villager (Male) ×4 |
| 29:24 | Create | Konnik ×2 |
| 29:56 | Build | Krepost |
| 30:21 | Create | Konnik ×2 |
| 31:26 | Build | Lumber Camp |
| 31:28 | Create | Villager (Male) ×5 |
| 31:33 | Create | Villager (Male) |
| 32:15 | Create | Scout Cavalry |
| 32:44 | Build | Farm |
| 32:55 | Research | Loom |
| 33:31 | Build | Farm |
| 33:49 | Create | Konnik ×2 |
| 34:12 | Build | Mining Camp |
| 34:24 | Create | Konnik ×2 |
| 36:21 | Create | Konnik |
| 36:25 | Create | Petard ×4 |
| 38:06 | Build | Palisade Wall |
| 38:16 | Build | Palisade Wall |
| 38:27 | Build | Palisade Wall |
| 38:59 | Create | Konnik ×5 |
| 38:59 | Create | Konnik ×5 |
| 39:34 | Research | Town Watch |
| 39:57 | Build | Farm |
| 39:57 | Build | Farm |
| 39:57 | Build | Farm |
| 39:57 | Build | Farm |
| 39:57 | Build | Farm |
| 39:58 | Build | Farm |
| 39:58 | Build | Farm |
| 40:08 | Build | Farm |
| 40:09 | Build | Farm |
| 40:09 | Build | Farm |
| 40:09 | Build | Farm |
| 40:14 | Create | Villager (Male) |
| 40:15 | Create | Villager (Male) |
| 41:21 | Build | Palisade Wall |
| 42:26 | Research | Chain Barding Armor |
| 42:27 | Research | Iron Casting |
| 43:26 | Build | Palisade Wall |
| 43:37 | Build | Palisade Gate |
| 44:12 | Create | Konnik ×5 |
| 44:12 | Create | Konnik ×5 |
| 44:12 | Create | Konnik ×5 |
| 44:44 | Build | Palisade Wall |
| 44:53 | Build | Krepost |
| 45:12 | Build | Market |
| 46:42 | Build | Farm |
| 46:46 | Build | Farm |
| 46:53 | Research | Town Patrol |
| 46:57 | Create | Konnik ×5 |
| 46:58 | Create | Konnik ×5 |
| 46:58 | Create | Konnik |
| 47:31 | Build | Farm |
| 47:33 | Build | Farm |
| 47:36 | Build | Farm |
| 47:40 | Build | Farm |
| 47:50 | Build | House |
| 47:50 | Build | House |
| 47:51 | Build | House |
| 47:51 | Build | House |
| 47:51 | Build | House |
| 47:52 | Build | House |
| 47:52 | Build | House |
| 47:53 | Build | House |
| 47:53 | Build | House |
| 48:18 | Create | Konnik ×5 |
| 48:18 | Create | Konnik ×5 |
| 48:25 | Build | Mining Camp |
| 48:26 | Create | Villager (Male) ×2 |
| 48:26 | Create | Villager (Male) ×2 |
| 49:33 | Create | Villager (Male) ×5 |
| 49:33 | Create | Villager (Male) ×5 |
| 52:30 | Create | Konnik ×5 |
| 52:31 | Create | Konnik ×5 |
| 52:31 | Create | Konnik ×5 |
| 53:34 | Build | Krepost |
| 53:41 | Build | Farm |
| 54:45 | Build | Farm |
| 54:51 | Create | Villager (Male) ×5 |
| 54:51 | Create | Villager (Male) ×5 |
| 54:52 | Create | Villager (Male) ×5 |
| 55:06 | Build | Castle |
| 55:16 | Create | Konnik ×5 |
| 55:16 | Create | Konnik ×5 |
Match timeline
| 7:55 | Ragnarok · first_building Barracks |
| 9:54 | Chocofresas™ · age_up feudal |
| 10:43 | suarez_mitchell · age_up feudal |
| 10:47 | gonzarey5 · first_building Barracks |
| 11:06 | gonzarey5 · age_up feudal |
| 11:07 | valeriadasilva7930 · age_up feudal |
| 11:08 | Ragnarok · age_up feudal |
| 11:43 | Leo · age_up feudal |
| 11:52 | valeriadasilva7930 · first_building Barracks |
| 12:07 | gonzarey5 · first_building Stable |
| 12:08 | Luishii · wall_segment Palisade Wall x9 |
| 12:19 | Luishii · wall_segment Palisade Wall x4 |
| 12:28 | Luishii · wall_segment Palisade Wall x10 |
| 12:30 | Luishii · wall_segment Palisade Wall x7 |
| 12:35 | Luishii · wall_segment Palisade Wall x8 |
| 12:40 | Luishii · wall_segment Palisade Wall x14 |
| 12:40 | Ragnarok · first_building Stable |
| 12:51 | Chocofresas™ · first_building Barracks |
| 12:55 | MCalastretti · age_up feudal |
| 13:31 | suarez_mitchell · first_building Barracks |
| 14:06 | Ragnarok · wall_segment Palisade Wall x1 |
| 14:23 | Luishii · first_building Barracks |
| 14:50 | valeriadasilva7930 · first_building Stable |
| 15:53 | Luishii · age_up feudal |
| 16:13 | suarez_mitchell · first_building Archery Range |
| 16:20 | Luishii · first_building Archery Range |
| 16:55 | Chocofresas™ · first_building Stable |
| 18:16 | Luishii · first_building Stable |
| 18:56 | MCalastretti · first_building Barracks |
| 20:17 | suarez_mitchell · age_up castle |
| 22:39 | Chocofresas™ · first_market_sell 100 food |
| 23:02 | suarez_mitchell · first_building Castle |
| 23:28 | suarez_mitchell · wall_segment Palisade Wall x1 |
| 23:31 | suarez_mitchell · wall_segment Palisade Wall x1 |
| 23:36 | suarez_mitchell · wall_segment Palisade Wall x1 |
| 23:37 | MCalastretti · age_up castle |
| 24:10 | suarez_mitchell · wall_segment Stone Wall x1 |
| 24:42 | Chocofresas™ · tribute_sent a jugador 1 |
| 24:42 | Chocofresas™ · tribute_sent a jugador 3 |
| 24:42 | Chocofresas™ · tribute_sent a jugador 4 |
| 24:42 | Chocofresas™ · tribute_sent a jugador 5 |
| 24:42 | Chocofresas™ · tribute_sent a jugador 6 |
| 24:42 | Chocofresas™ · tribute_sent a jugador 7 |
| 24:42 | Chocofresas™ · tribute_sent a jugador 8 |
| 25:43 | suarez_mitchell · first_building Monastery |
| 27:20 | gonzarey5 · first_building Archery Range |
| 27:25 | Ragnarok · age_up castle |
| 27:36 | Ragnarok · first_building Krepost |
| 28:19 | suarez_mitchell · wall_segment Stone Wall x1 |
| 28:33 | suarez_mitchell · wall_segment Stone Wall x1 |
| 29:24 | valeriadasilva7930 · age_up castle |
| 29:42 | gonzarey5 · age_up castle |
| 29:44 | suarez_mitchell · first_building Siege Workshop |
| 30:37 | suarez_mitchell · tribute_sent a jugador 2 |
| 30:37 | suarez_mitchell · tribute_sent a jugador 3 |
| 30:37 | suarez_mitchell · tribute_sent a jugador 4 |
| 30:37 | suarez_mitchell · tribute_sent a jugador 5 |
| 30:37 | suarez_mitchell · tribute_sent a jugador 6 |
| 30:37 | suarez_mitchell · tribute_sent a jugador 7 |
| 30:37 | suarez_mitchell · tribute_sent a jugador 8 |
| 30:44 | gonzarey5 · first_building Castle |
| 30:47 | Chocofresas™ · age_up castle |
| 30:59 | Luishii · age_up castle |
| 31:09 | Chocofresas™ · first_market_buy 100 stone |
| 31:52 | MCalastretti · first_building Castle |
| 32:01 | Chocofresas™ · first_building Castle |
| 33:34 | valeriadasilva7930 · first_building Castle |
| 36:23 | Chocofresas™ · tribute_sent a jugador 1 |
| 36:23 | Chocofresas™ · tribute_sent a jugador 3 |
| 36:23 | Chocofresas™ · tribute_sent a jugador 4 |
| 36:23 | Chocofresas™ · tribute_sent a jugador 5 |
| 36:23 | Chocofresas™ · tribute_sent a jugador 6 |
| 36:23 | Chocofresas™ · tribute_sent a jugador 7 |
| 36:23 | Chocofresas™ · tribute_sent a jugador 8 |
| 37:31 | Leo · tribute_sent a jugador 1 |
| 37:31 | Leo · tribute_sent a jugador 2 |
| 37:31 | Leo · tribute_sent a jugador 3 |
| 37:31 | Leo · tribute_sent a jugador 4 |
| 37:31 | Leo · tribute_sent a jugador 6 |
| 37:31 | Leo · tribute_sent a jugador 7 |
| 37:31 | Leo · tribute_sent a jugador 8 |
| 37:51 | gonzarey5 · first_market_buy 100 wood |
| 38:05 | Luishii · first_building Monastery |
| 38:06 | Ragnarok · wall_segment Palisade Wall x27 |
| 38:16 | Ragnarok · wall_segment Palisade Wall x25 |
| 38:27 | Ragnarok · wall_segment Palisade Wall x25 |
| 39:19 | Leo · age_up castle |
| 41:05 | Leo · first_building Castle |
| 41:11 | gonzarey5 · first_building Monastery |
| 41:18 | Chocofresas™ · first_building Siege Workshop |
| 41:21 | Ragnarok · wall_segment Palisade Wall x24 |
| 41:51 | MCalastretti · first_building Monastery |
| 42:12 | suarez_mitchell · first_market_buy 100 food |
| 42:29 | suarez_mitchell · first_market_sell 100 wood |
| 43:26 | Ragnarok · wall_segment Palisade Wall x31 |
| 43:32 | gonzarey5 · first_building Siege Workshop |
| 44:44 | Ragnarok · wall_segment Palisade Wall x1 |
| 45:31 | suarez_mitchell · age_up imperial |
| 46:23 | Ragnarok · tribute_sent a jugador 1 |
| 46:23 | Ragnarok · tribute_sent a jugador 2 |
| 46:23 | Ragnarok · tribute_sent a jugador 3 |
| 46:23 | Ragnarok · tribute_sent a jugador 4 |
| 46:23 | Ragnarok · tribute_sent a jugador 5 |
| 46:23 | Ragnarok · tribute_sent a jugador 6 |
| 46:23 | Ragnarok · tribute_sent a jugador 7 |
| 47:11 | suarez_mitchell · tribute_sent a jugador 2 |
| 47:11 | suarez_mitchell · tribute_sent a jugador 3 |
| 47:11 | suarez_mitchell · tribute_sent a jugador 4 |
| 47:11 | suarez_mitchell · tribute_sent a jugador 5 |
| 47:11 | suarez_mitchell · tribute_sent a jugador 6 |
| 47:11 | suarez_mitchell · tribute_sent a jugador 7 |
| 47:11 | suarez_mitchell · tribute_sent a jugador 8 |
| 48:21 | Luishii · first_market_sell 100 wood |
| 50:17 | Chocofresas™ · first_building Monastery |
| 54:56 | Luishii · tribute_sent a jugador 1 |
| 54:56 | Luishii · tribute_sent a jugador 2 |
| 54:56 | Luishii · tribute_sent a jugador 3 |
| 54:56 | Luishii · tribute_sent a jugador 4 |
| 54:56 | Luishii · tribute_sent a jugador 5 |
| 54:56 | Luishii · tribute_sent a jugador 7 |
| 54:56 | Luishii · tribute_sent a jugador 8 |
| 55:06 | Ragnarok · first_building Castle |
| 58:11 | Leo · age_up imperial |
| 58:20 | Luishii · first_market_buy 100 food |
| 60:18 | MCalastretti · wall_segment Palisade Wall x3 |
| 60:33 | MCalastretti · age_up imperial |
| 60:39 | Leo · tribute_sent a jugador 1 |
| 60:39 | Leo · tribute_sent a jugador 2 |
| 60:39 | Leo · tribute_sent a jugador 3 |
| 60:39 | Leo · tribute_sent a jugador 4 |
| 60:39 | Leo · tribute_sent a jugador 6 |
| 60:39 | Leo · tribute_sent a jugador 7 |
| 60:39 | Leo · tribute_sent a jugador 8 |
| 62:41 | valeriadasilva7930 · age_up imperial |
| 63:17 | Leo · first_building Monastery |
| 63:35 | Ragnarok · age_up imperial |
| 64:36 | gonzarey5 · age_up imperial |
| 65:55 | gonzarey5 · first_market_sell 100 stone |
| 66:10 | valeriadasilva7930 · first_market_buy 100 food |
| 66:31 | Ragnarok · first_market_buy 500 wood |
| 66:34 | Ragnarok · first_market_sell 500 wood |
| 67:52 | Luishii · first_building Castle |
| 68:35 | Ragnarok · first_building Siege Workshop |
| 71:28 | MCalastretti · first_building Siege Workshop |
| 72:29 | Chocofresas™ · age_up imperial |
| 73:10 | suarez_mitchell · first_building Stable |
| 78:28 | suarez_mitchell · tribute_sent a jugador 2 |
| 78:28 | suarez_mitchell · tribute_sent a jugador 3 |
| 78:28 | suarez_mitchell · tribute_sent a jugador 4 |
| 78:28 | suarez_mitchell · tribute_sent a jugador 5 |
| 78:28 | suarez_mitchell · tribute_sent a jugador 6 |
| 78:28 | suarez_mitchell · tribute_sent a jugador 7 |
| 78:28 | suarez_mitchell · tribute_sent a jugador 8 |
| 80:10 | suarez_mitchell · tribute_sent a jugador 2 |
| 80:10 | suarez_mitchell · tribute_sent a jugador 3 |
| 80:10 | suarez_mitchell · tribute_sent a jugador 4 |
| 80:10 | suarez_mitchell · tribute_sent a jugador 5 |
| 80:10 | suarez_mitchell · tribute_sent a jugador 6 |
| 80:10 | suarez_mitchell · tribute_sent a jugador 7 |
| 80:10 | suarez_mitchell · tribute_sent a jugador 8 |
| 80:11 | Leo · first_market_buy 100 stone |
| 83:34 | Luishii · first_building Siege Workshop |
| 85:12 | Chocofresas™ · first_building Archery Range |
| 85:23 | suarez_mitchell · tribute_sent a jugador 2 |
| 85:23 | suarez_mitchell · tribute_sent a jugador 3 |
| 85:23 | suarez_mitchell · tribute_sent a jugador 4 |
| 85:23 | suarez_mitchell · tribute_sent a jugador 5 |
| 85:23 | suarez_mitchell · tribute_sent a jugador 6 |
| 85:23 | suarez_mitchell · tribute_sent a jugador 7 |
| 85:23 | suarez_mitchell · tribute_sent a jugador 8 |
| 87:44 | MCalastretti · resign |
| 91:23 | suarez_mitchell · tribute_sent a jugador 2 |
| 91:23 | suarez_mitchell · tribute_sent a jugador 3 |
| 91:23 | suarez_mitchell · tribute_sent a jugador 4 |
| 91:23 | suarez_mitchell · tribute_sent a jugador 5 |
| 91:23 | suarez_mitchell · tribute_sent a jugador 6 |
| 91:23 | suarez_mitchell · tribute_sent a jugador 7 |
| 91:23 | suarez_mitchell · tribute_sent a jugador 8 |
[ AI ANALYSIS · 1 CREDIT ]
What really happened in this match?
Wolo.gg analyzes every decision: build order, eco, micro, common mistakes by bracket. Personalized analysis on WhatsApp or Discord in 30 seconds.
Civ guide
Gurjaras
Perfil
Jugador #23500994